 Dungeon Crawl Stone Soup version 0.28-a0-834-g1a73be5ee4 (webtiles) character file.

Game seed: 5528286884872268524

605 Gargoyl the Skirmisher (level 7, -3/60 HPs)
             Began as a Gnoll Abyssal Knight on Nov 11, 2021.
             Was a Believer of Lugonu.
             Slain by a wyvern zombie (5 damage)
             ... on level 5 of the Dungeon.
             The game lasted 00:03:51 (5925 turns).

Gargoyl the Skirmisher (Gnoll Abyssal Knight)       Turns: 5925, Time: 00:03:51

Health: -3/60      AC: 13    Str: 15    XL:     7   Next: 42%
Magic:  11/11      EV:  5    Int:  9    God:    Lugonu [**....]
Gold:   200        SH:  0    Dex: 12    Spells: 11/11 levels left

rFire   . . .      SeeInvis +   e - +3 short sword
rCold   . . .      Faith    .   (no shield)
rNeg    . . .      Spirit   .   i - +1 plate armour
rPois   +          Reflect  .   (no helmet)
rElec   .          Harm     .   (no cloak)
rCorr   .          Rampage  .   (no gloves)
Will    .....                   (no boots)
Stlth   ..........              (no amulet)
HPRegen 0.20/turn               c - ring of see invisible
MPRegen 0.12/turn               g - ring of poison resistance

@: no status effects
A: fangs 1, strong nose, distributed training
a: Renounce Religion, Depart the Abyss, Bend Space


You were on level 5 of the Dungeon.
You worshipped Lugonu.
Lugonu was pleased with you.
You visited 1 branch of the dungeon, and saw 5 of its levels.
You visited the Abyss 1 time.

You collected 200 gold pieces.

Inventory:

Hand Weapons
 a - a +1 hand axe
 e - a +3 short sword (weapon)
Armour
 i - a +1 plate armour (worn)
Jewellery
 c - a ring of see invisible (left hand)
 g - a ring of poison resistance (right hand)
Scrolls
 d - a scroll of teleportation
 n - a scroll of identify
Potions
 b - 3 potions of invisibility {unknown}
 f - 2 potions of lignification
 h - 2 potions of haste {unknown}
 j - a potion of cancellation {unknown}
 k - a potion of berserk rage {unknown}
 l - a potion of heal wounds {unknown}
 m - a potion of brilliance {unknown}
 o - a potion of curing {unknown}


   Skills:
 + Level 7.0 Fighting
 + Level 2.5 Short Blades
 + Level 2.5 Long Blades
 + Level 5.2 Axes
 + Level 2.5 Maces & Flails
 + Level 2.5 Polearms
 + Level 2.5 Staves
 + Level 2.5 Slings
 + Level 2.5 Bows
 + Level 2.5 Crossbows
 + Level 2.5 Throwing
 + Level 5.2 Armour
 + Level 3.6 Dodging
 + Level 2.5 Stealth
 + Level 2.5 Shields
 + Level 2.5 Unarmed Combat
 + Level 2.5 Spellcasting
 + Level 2.0 Conjurations
 + Level 2.0 Hexes
 + Level 2.0 Summonings
 + Level 2.0 Necromancy
 + Level 2.0 Translocations
 + Level 2.0 Transmutations
 + Level 2.0 Fire Magic
 + Level 2.0 Ice Magic
 + Level 2.0 Air Magic
 + Level 2.0 Earth Magic
 + Level 2.0 Poison Magic
 + Level 5.4 Invocations
 + Level 2.5 Evocations


You had 11 spell levels left.
You didn't know any spells.
Your spell library contained the following spells:

 Spells                   Type           Power      Damage    Failure   Level
 Slow                     Hex            16%        N/A       100%        1
 Sting                    Tmut/Pois      16%        1d3       100%        1
 Corpse Rot               Necr/Air       8%         N/A       100%        2
 Poisonous Vapours        Pois/Air       8%         N/A       100%        2
 Confusing Touch          Hex            4%         N/A       100%        3
 Dispel Undead            Necr           4%         3d7       100%        4
 Olgreb's Toxic Radiance  Pois           4%         N/A       100%        4
 Yara's Violent Unravell  Hex/Tmut       2%         3d3       100%        5
 Death Channel            Necr           2%         N/A       100%        6


Dungeon Overview and Level Annotations

Branches:
Dungeon (5/15)
 Temple: D:4-7

Altars:
Cheibriados
Vehumet


Innate Abilities, Weirdness & Mutations

You have very sharp teeth.
Your uncanny sense of smell can sniff out nearby items.
Your experience applies equally to all skills.


Message History

The wyvern zombie bites you.
You barely miss the wyvern zombie.
The wyvern zombie is lightly damaged.
The wyvern zombie bites you but does no damage.
The wyvern zombie bites you.
You hit the wyvern zombie.
The wyvern zombie is lightly damaged.
The wyvern zombie barely misses you.
You hit the wyvern zombie but do no damage.
The wyvern zombie is lightly damaged.
The wyvern zombie bites you but does no damage.
You hit the wyvern zombie.
The wyvern zombie is lightly damaged.
The wyvern zombie bites you but does no damage.
You hit the wyvern zombie.
The wyvern zombie is moderately damaged.
The wyvern zombie bites you! The wyvern zombie bites you.
You puncture the wyvern zombie! Your bite misses the wyvern zombie.
The wyvern zombie is heavily damaged.
The wyvern zombie bites you.
You barely miss the wyvern zombie.
The wyvern zombie is heavily damaged.
The wyvern zombie barely misses you.
You puncture the wyvern zombie!
The wyvern zombie is severely damaged.
The wyvern zombie bites you.
* * * LOW HITPOINT WARNING * * *
You hit the wyvern zombie. Your bite misses the wyvern zombie.
The wyvern zombie is almost destroyed.
The wyvern zombie bites you.
* * * LOW HITPOINT WARNING * * *
The wyvern zombie bites you but does no damage.
You hit the wyvern zombie but do no damage.
The wyvern zombie is almost destroyed.
The wyvern zombie bites you!
* * * LOW HITPOINT WARNING * * *
You hit the wyvern zombie but do no damage.
The wyvern zombie is almost destroyed.
The wyvern zombie bites you.
You die...

..#..........#..#########........
..........####..#..#.#..#........
.........## #..###.($..##........
####...### ##..##.......#......##
##....# ##..####.....##.....###
##.....####...# #.......#...###
#.......##...######'''####..#
................##.....###..#
................@Z.....# ##.#
.####.....#########..### #.##
####......## #.## ##<#
##........# #..# #.##
##.........# #..## ###..###
...........## ##..####.......
............# ##.........##..
....#####...## ###........####..
...## ##...####............#...


You could see a wyvern zombie.

Vanquished Creatures
  An ogre (D:4)
  2 necrophages
  A phantom (D:4)
  A bullfrog zombie (D:3)
  A bullfrog skeleton (D:5)
  Jessica (D:2)
  Terence (D:2)
  A killer bee zombie (D:5)
  A howler monkey zombie (D:5)
  A gnoll (D:1)
  5 adders
  An adder skeleton (D:5)
  The ghost of paps the Sneak, a weakling OpDe (D:5)
  A dart slug (D:5)
  3 orcs
  3 bats
  9 endoplasms
  2 giant cockroaches
  3 goblins (D:1)
  4 hobgoblins
  8 jackals
  4 quokkas
  4 ball pythons
  6 frilled lizards
  3 kobolds (D:1)
  5 rats
73 creatures vanquished.

Notes
Turn   | Place    | Note
-------+----------+-------------------------------------------
     0 | Abyss:1  | Gargoyl the Gnoll Abyssal Knight began the quest for the
                  | Orb.
     0 | Abyss:1  | Reached XP level 1. HP: 23/23 MP: 3/3
   104 | Abyss:1  | Noticed a large abomination
   105 | D:1      | Escaped the Abyss
   120 | D:1      | Noticed a vine stalker
   120 | D:1      | Noticed a tengu
   122 | D:1      | Noticed an elf
   122 | D:1      | Noticed a human
   126 | D:1      | Noticed an octopode
   126 | D:1      | Noticed an ogre
   128 | D:1      | Noticed a minotaur
   130 | D:1      | Noticed a formicid
   132 | D:1      | Noticed a demigod
   132 | D:1      | Noticed a ghoul
   134 | D:1      | Noticed a naga
   134 | D:1      | Noticed a spriggan
   136 | D:1      | Noticed a felid
   136 | D:1      | Noticed a demonspawn
   138 | D:1      | Noticed a troll
   138 | D:1      | Noticed a merfolk
   140 | D:1      | Noticed a gargoyle
   142 | D:1      | Noticed a vampire
   142 | D:1      | Noticed a draconian
   144 | D:1      | Noticed a dwarf
   376 | D:1      | Reached * piety under Lugonu
   473 | D:1      | Reached XP level 2. HP: 29/29 MP: 5/5
   705 | D:1      | Found a faded altar of an unknown god.
   724 | D:1      | Reached XP level 3. HP: 25/35 MP: 6/6
  1780 | D:2      | Reached skill level 1 in Short Blades
  1780 | D:2      | Reached skill level 1 in Long Blades
  1780 | D:2      | Reached skill level 1 in Maces & Flails
  1780 | D:2      | Reached skill level 1 in Polearms
  1780 | D:2      | Reached skill level 1 in Staves
  1780 | D:2      | Reached skill level 1 in Slings
  1780 | D:2      | Reached skill level 1 in Bows
  1780 | D:2      | Reached skill level 1 in Crossbows
  1780 | D:2      | Reached skill level 1 in Throwing
  1780 | D:2      | Reached skill level 1 in Stealth
  1780 | D:2      | Reached skill level 1 in Shields
  1780 | D:2      | Reached skill level 1 in Unarmed Combat
  1780 | D:2      | Reached skill level 1 in Spellcasting
  1780 | D:2      | Reached skill level 1 in Evocations
  1918 | D:2      | Reached XP level 4. HP: 41/41 MP: 7/7
  2047 | D:2      | Reached ** piety under Lugonu
  2164 | D:2      | Noticed Jessica
  2174 | D:2      | Killed Jessica
  2175 | D:2      | Reached skill level 1 in Conjurations
  2175 | D:2      | Reached skill level 1 in Hexes
  2175 | D:2      | Reached skill level 1 in Summonings
  2175 | D:2      | Reached skill level 1 in Necromancy
  2175 | D:2      | Reached skill level 1 in Translocations
  2175 | D:2      | Reached skill level 1 in Transmutations
  2175 | D:2      | Reached skill level 1 in Fire Magic
  2175 | D:2      | Reached skill level 1 in Ice Magic
  2175 | D:2      | Reached skill level 1 in Air Magic
  2175 | D:2      | Reached skill level 1 in Earth Magic
  2175 | D:2      | Reached skill level 1 in Poison Magic
  2373 | D:2      | Noticed Terence
  2389 | D:2      | Killed Terence
  2390 | D:2      | Reached XP level 5. HP: 25/47 MP: 8/8
  2547 | D:2      | Found a snail-covered altar of Cheibriados.
  3084 | D:3      | Found a radiant altar of Vehumet.
  3820 | D:4      | Noticed a necrophage
  3837 | D:4      | Killed a necrophage
  3838 | D:4      | Reached skill level 5 in Invocations
  3838 | D:4      | Reached XP level 6. HP: 38/53 MP: 9/9
  4044 | D:4      | Reached skill level 5 in Axes
  4044 | D:4      | Reached skill level 5 in Armour
  4117 | D:4      | Reached XP level 7. HP: 59/59 MP: 10/10
  4568 | D:5      | Entered Level 5 of the Dungeon
  4810 | D:5      | Reached skill level 7 in Fighting
  5557 | D:5      | Found a runed translucent gate.
  5559 | D:5      | Found a runed translucent gate.
  5559 | D:5      | Found a runed translucent gate.
  5563 | D:5      | Noticed paps's ghost (weakling OpDe)
  5897 | D:5      | Killed paps's ghost
  5924 | D:5      | HP: 2/60 [wyvern zombie (9)]
  5925 | D:5      | Slain by a wyvern zombie

Illustrated notes

Levels and vault maps discovered:
D:1:      kb_arrival_jail, layout_loops_corners,
          hellmonk_ecumenical_altar_dog_temple, roderic_roman_lattice
D:2:      layout_basic, basic_altar, chequers_serial_rivers_micro_c,
          uniq_jessica, uniq_terence
D:3:      layout_basic, mainiacjoe_overflow_alcove_2,
          chequers_serial_rivers_small_a
D:4:      layout_gridville
D:5:      layout_layer_cave, gammafunk_ghost_necromancy

Skill      XL: |  1  2  3  4  5  6  7 |
---------------+----------------------+-----
Short Blades   | 1 2 |  2.5
Long Blades    | 1 2 |  2.5
Maces & Flails | 1 2 |  2.5
Polearms       | 1 2 |  2.5
Staves         | 1 2 |  2.5
Slings         | 1 2 |  2.5
Bows           | 1 2 |  2.5
Crossbows      | 1 2 |  2.5
Throwing       | 1 2 |  2.5
Stealth        | 1 2 |  2.5
Shields        | 1 2 |  2.5
Unarmed Combat | 1 2 |  2.5
Spellcasting   | 1 2 |  2.5
Evocations     | 1 2 |  2.5
Conjurations   | 1 2 |  2.0
Hexes          | 1 2 |  2.0
Summonings     | 1 2 |  2.0
Necromancy     | 1 2 |  2.0
Translocations | 1 2 |  2.0
Transmutations | 1 2 |  2.0
Fire Magic     | 1 2 |  2.0
Ice Magic      | 1 2 |  2.0
Air Magic      | 1 2 |  2.0
Earth Magic    | 1 2 |  2.0
Poison Magic   | 1 2 |  2.0
Dodging        | 3 |  3.6
Invocations    | 5 |  5.4
Axes           | 5 |  5.2
Armour         | 5 |  5.2
Fighting       | 7 |  7.0

Action                   |  1- 3 |  4- 6 |  7- 9 || total
-------------------------+-------+-------+-------++-------
Melee: Short sword       |    99 |   158 |    59 ||   316
       Hand axe          |     7 |       |       ||     7
       Bite              |     6 |    12 |     7 ||    25
       Punch             |       |     3 |       ||     3
Invok: Depart the Abyss  |     1 |       |       ||     1
       Bend Space        |       |       |     3 ||     3
  Use: Scroll            |     1 |     4 |       ||     5
       Potion            |       |     1 |       ||     1
Armor: Leather armour    |     6 |       |       ||     6
       Ring mail         |    17 |       |       ||    17
       Plate armour      |    10 |   112 |    35 ||   157
       Skin              |       |     1 |       ||     1
Dodge: Dodged            |    54 |    34 |    20 ||   108

Table legend: (Time is in decaauts)
 A = Elapsed time spent in this place.
 B = Non-inter-level travel time spent in this place.
 C = Inter-level travel time spent in this place.
 D = Time resting spent in this place.
 E = Time spent auto-exploring this place.
 F = Levels seen in this place.
 G = Mean time per level.
                   A        B        C        D        E       F      G
               +--------+--------+--------+--------+--------+-----+--------+
         Total |   5937 |   5835 |    102 |    100 |   4984 |   6 |  989.5 |
       Dungeon |   5831 |   5729 |    102 |    100 |   4882 |   5 | 1166.2 |
         Abyss |    105 |    105 |      0 |      0 |    102 |   1 |  105.0 |
               +--------+--------+--------+--------+--------+-----+--------+

Top non-repeatable levels by time:
     D:1: 1666 daAuts
     D:5: 1355 daAuts
     D:2: 1064 daAuts
     D:4: 903 daAuts
     D:3: 841 daAuts
 Abyss:1: 105 daAuts
